 Dungeon Crawl Stone Soup version 0.28-a0-533-g9f97627e2a (webtiles) character file.

Game seed: 11009503128400901439

60 speeev33 the Covered (level 4, -1/29 HPs)
             Began as a Gargoyle Fighter on Sept 25, 2021.
             Slain by a gnoll (6 damage)
             ... on level 2 of the Dungeon.
             The game lasted 00:02:10 (2068 turns).

speeev33 the Covered (Gargoyle Fighter)             Turns: 2068, Time: 00:02:11

Health: -1/29      AC: 11    Str: 21    XL:     4   Next: 6%
Magic:  4/4        EV:  9    Int:  8    God:
Gold:   106        SH:  4    Dex:  9    Spells: 3/3 levels left

rFire   . . .      SeeInvis .   a - +0 flail
rCold   . . .      Faith    .   c - +0 buckler
rNeg    + . .      Spirit   .   b - +0 scale mail
rPois   ∞          Reflect  .   (no helmet)
rElec   +          Harm     .   (no cloak)
rCorr   +          Rampage  .   (no gloves)
Will    .....                   j - +0 pair of boots
Stlth   ..........              (no amulet)
HPRegen 0.09/turn               f - ring of resist corrosion
MPRegen 0.09/turn               (no ring)

@: no status effects
A: sickness immunity, AC +3, negative energy resistance 1, electricity
resistance, torment resistance 1, petrification resistance
a: no special abilities


You were on level 2 of the Dungeon.
You visited 1 branch of the dungeon, and saw 3 of its levels.

You collected 106 gold pieces.

Inventory:

Hand Weapons
 a - a +0 flail (weapon)
Armour
 b - a +0 scale mail (worn)
 c - a +0 buckler (worn)
 j - a +0 pair of boots (worn)
Jewellery
 f - a ring of resist corrosion (left hand)
Scrolls
 k - 2 scrolls of fear
 m - a scroll of identify
Potions
 d - 2 potions of might
 e - a potion of attraction {unknown}
 g - a potion of brilliance
 h - a potion of curing {unknown}
 i - a potion of resistance {unknown}
 l - a potion of heal wounds {unknown}


   Skills:
 + Level 3.8 Fighting
 + Level 2.7 Maces & Flails
 + Level 3.9 Armour
 + Level 3.8 Shields


You had 3 spell levels left.
You didn't know any spells.
Your spell library was empty.

Dungeon Overview and Level Annotations

Branches:
Dungeon (3/15)

Altars:


Innate Abilities, Weirdness & Mutations

You are immune to sickness and miasma.
Your stone body is resilient. (AC +3)
You are immune to poison.
You resist negative energy. (rN+)
You are resistant to electric shocks. (rElec)
You are resistant to unholy torment.
You are immune to petrification.


Message History

The gnoll hits you from afar with a +0 halberd.
You barely miss the gnoll. The gnoll barely misses you.
The gnoll hits you but does no damage. x2
You hit the gnoll.
The gnoll is moderately wounded.
The gnoll hits you with a +0 flail.
The gnoll hits you from afar with a +0 spear.
You block the gnoll's attack. x2
The gnoll hits you with a +0 flail.
A gnoll comes into view. It is wielding a +1 vorpal spear.
There is a stone staircase leading up here.
The gnoll barely misses you.
You climb upwards.
There is a stone staircase leading down here.
You are too injured to fight recklessly!
You are too injured to fight recklessly!
You are too injured to fight recklessly!
You hit the gnoll but do no damage.
The gnoll is moderately wounded.
The gnoll completely misses you.
You closely miss the gnoll.
The gnoll is moderately wounded.
The gnoll hits you with a +0 flail!
* * * LOW HITPOINT WARNING * * *
You closely miss the gnoll.
The gnoll is moderately wounded.
You block the gnoll's attack. x2
You barely miss the gnoll.
The gnoll is moderately wounded.
The gnoll barely misses you.
You hit the gnoll but do no damage.
The gnoll is moderately wounded.
The gnoll hits you but does no damage.
You barely miss the gnoll.
The gnoll is moderately wounded.
You block the gnoll's attack.
You barely miss the gnoll.
The gnoll is moderately wounded.
The gnoll hits you with a +0 flail.
You die...

#....# #.#........# #...
#....#####'#....##### ####
#...............# #####
#...............# ###....
#...............# ##......
###....##.........#
#......#
<.......####.#....#
##...#### #.#####.#
#....### #...## #.# #.#
#....@g# ##...# #.# #.#
#......# ####...## #.# #.#
#.###..###......# #.##
#### ######.#.......##
#..# #.# #.##.......###
#..## ##.## ##.......####
##..# #...#
#..##.######### #####
##.###.#.###.###.....#.#.#
#.... #..#..#..#..#
#.........# #....


You could see a gnoll.

Vanquished Creatures
  An adder (D:2)
  2 worms (D:2)
  7 ball pythons
  2 bats (D:2)
  4 endoplasms (D:1)
  4 giant cockroaches
  4 goblins
  5 hobgoblins
  4 kobolds
  2 quokkas (D:2)
  A frilled lizard (D:1)
  3 rats
39 creatures vanquished.

Notes
Turn   | Place    | Note
-------+----------+-------------------------------------------
     0 | D:1      | speeev33 the Gargoyle Fighter began the quest for the Orb.
     0 | D:1      | Reached XP level 1. HP: 14/14 MP: 1/1
   125 | D:1      | Reached XP level 2. HP: 19/19 MP: 2/2
   827 | D:2      | Reached XP level 3. HP: 17/23 MP: 3/3
  1799 | D:3      | Reached XP level 4. HP: 29/29 MP: 4/4
  2068 | D:2      | Slain by a gnoll

Illustrated notes

Levels and vault maps discovered:
D:1:      eino_arrival_tree_alley, layout_loops_ring
D:2:      layout_basic, serial_curves, eino_curves_03, eino_curves_04,
          eino_curves_03, st_stairs_9
D:3:      layout_basic, general_overflow_altar,
          amcnicky_mini_rare_corridor_liquid

Action                   |  1- 3 |  4- 6 || total
-------------------------+-------+-------++-------
Melee: Flail             |   126 |    30 ||   156
  Use: Scroll            |     2 |       ||     2
Armor: Scale mail        |    72 |    14 ||    86
Dodge: Dodged            |    62 |    13 ||    75
Block: Buckler           |    32 |    12 ||    44

Table legend: (Time is in decaauts)
 A = Elapsed time spent in this place.
 B = Non-inter-level travel time spent in this place.
 C = Inter-level travel time spent in this place.
 D = Time resting spent in this place.
 E = Time spent auto-exploring this place.
 F = Levels seen in this place.
 G = Mean time per level.
                   A        B        C        D        E       F      G
               +--------+--------+--------+--------+--------+-----+--------+
         Total |   2111 |   2039 |     72 |      0 |   1661 |   3 |  703.7 |
       Dungeon |   2111 |   2039 |     72 |      0 |   1661 |   3 |  703.7 |
               +--------+--------+--------+--------+--------+-----+--------+

Top non-repeatable levels by time:
     D:2: 987 daAuts
     D:1: 811 daAuts
     D:3: 313 daAuts
